 Dungeon Crawl Stone Soup version 0.26-a0-651-gb41185065b (webtiles) character file.

Game seed: 17734850664105067672

99 nicanaca0 the Chiller (level 4, -3/24 HPs)
             Began as a Gargoyle Ice Elementalist on Oct 21, 2020.
             Killed from afar by Sigmund (5 damage)
             ... with a magic dart
             ... on level 2 of the Dungeon.
             The game lasted 00:05:39 (2023 turns).

nicanaca0 the Chiller (Gargoyle Ice Elementalist)   Turns: 2023, Time: 00:05:39

Health: -3/24      AC:  5    Str: 12    XL:     4   Next: 72%
Magic:  2/8        EV: 12    Int: 16    God:
Gold:   61         SH:  0    Dex: 10    Spells: 4/8 levels left

rFire    . . .     SeeInvis .   d - +0 dagger
rCold    . . .     Faith    .   (no shield)
rNeg     + . .     Spirit   .   a - +0 robe
rPois    ∞         Reflect  .   (no helmet)
rElec    +         Harm     .   (no cloak)
rCorr    .         Rampage  .   (no gloves)
MR       .....                  (no boots)
Stlth    ++........             (no amulet)
HPRegen  0.08/turn              (no ring)
MPRegen  0.11/turn              (no ring)

@: mighty, frozen ramparts, stab
A: negative energy resistance 1, electricity resistance, unbreathing,
petrification resistance, rot immunity, AC +3
a: no special abilities


You were on level 2 of the Dungeon.
You visited 1 branch of the dungeon, and saw 2 of its levels.

You collected 61 gold pieces.

Inventory:

Hand Weapons
 d - a +0 dagger (weapon)
Missiles
 i - 25 stones (quivered)
Armour
 a - a +0 robe (worn)
 k - a cursed +0 buckler
Jewellery
 f - an uncursed amulet of faith
 h - a cursed ring of teleportation {unknown}
Scrolls
 b - 5 scrolls of identify {unknown}
 c - a scroll of immolation {unknown}
 j - a scroll of magic mapping {unknown}
 n - a scroll of fog {unknown}
Potions
 g - a potion of curing
 m - a potion of mutation {unknown}


   Skills:
 - Level 1.5 Dodging
 - Level 2.1 Stealth
 + Level 2.9 Spellcasting
 * Level 5.4 Ice Magic


You had 4 spell levels left.
You knew the following spells:

 Your Spells              Type           Power        Failure   Level
a - Freeze                Ice            ###.         1%          1
b - Frozen Ramparts       Ice            ###...       6%          3

Your spell library contained the following spells:

 Spells                   Type           Power        Failure   Level
 Ozocubu's Armour         Ice            ###.....     6%          3
 Hailstorm                Conj/Ice       ##......     52%         4
 Summon Ice Beast         Ice/Summ       ##......     52%         4


Dungeon Overview and Level Annotations

Branches:
Dungeon (2/15)

Altars:

Annotations:
D:2 Sigmund


Innate Abilities, Weirdness & Mutations

You are resistant to torment.
Your stone body is resilient. (AC +3)
You are immune to poison.
You resist negative energy. (rN+)
You are resistant to electric shocks. (rElec)
You can survive without breathing.
You are immune to petrification.
You are immune to rotting.


Message History

You can't see any susceptible monsters within range! (Use Z to cast anyway.)
Casting: Frozen Ramparts (quite dangerous; 6% risk of failure)
Confirm with . or Enter, or press ? or * to list all spells.
You don't know that spell.
Casting: Frozen Ramparts (quite dangerous; 6% risk of failure)
Confirm with . or Enter, or press ? or * to list all spells.
You can't see any susceptible monsters within range! (Use Z to cast anyway.)
Casting: Frozen Ramparts (quite dangerous; 6% risk of failure)
Confirm with . or Enter, or press ? or * to list all spells.
The spell is quite dangerous to cast (6% risk of failure)!
Continue anyway?
The walls around you are covered in ice.
Something hits you.
* * * LOW HITPOINT WARNING * * *
You hit something. Something barely misses you.
It was a potion of might.
You feel very mighty all of a sudden.
You hear some strange, mumbled words.
A magic dart appears from out of thin air!
The magic dart hits you.
You die...

##..##..#....#..###.#.# #..#
#...###...##...###..#.# #..#
.....####......# #.##.# #..#
##...# ##..#..###.##.# #..#
###..#####..##..##.##.# ##..#
##.....#..###.##.##(###..##
#.###........##.........######
#..>..@..###.....#....#.......
#####.##.###.@...####.#.......
#####...##..###.{..####.........
##.....#.#{.## #.................
...#####?..#####......###..†.....
...######..#{.........##..#......
.#...........###....#..#.##......
...........### #....##...##......
#.#....###.# #....##..###.#####
#(####..##.## #....##...##.#


There were no monsters in sight!

Vanquished Creatures
  A worker ant (D:2)
  4 adders (D:2)
  A worm (D:2)
  A dart slug (D:1)
  A leopard gecko (D:2)
  A ball python (D:1)
  5 bats
  5 giant cockroaches
  A kobold (D:1)
  2 frilled lizards (D:2)
  9 goblins
  4 rats
35 creatures vanquished.

Notes
Turn   | Place    | Note
-------+----------+-------------------------------------------
     0 | D:1      | nicanaca0 the Gargoyle Ice Elementalist began the quest for
                  | the Orb.
     0 | D:1      | Reached XP level 1. HP: 10/10 MP: 3/3
   306 | D:1      | Reached XP level 2. HP: 12/15 MP: 3/5
   982 | D:1      | Reached XP level 3. HP: 19/19 MP: 4/6
  1075 | D:1      | Learned a level 3 spell: Frozen Ramparts
  1385 | D:2      | Reached skill level 5 in Ice Magic
  1438 | D:2      | Noticed Sigmund
  1476 | D:2      | Reached XP level 4. HP: 24/24 MP: 3/8
  2009 | D:2      | HP: 1/24 [something/puff of flame (12)]
  2023 | D:2      | Killed from afar by Sigmund

Illustrated notes

Levels and vault maps discovered:
D:1:      dpeg_arrival_subterranean_lakeside_camping, layout_loops_ring,
          dk_noncrumbling_4
D:2:      layout_rooms, uniq_sigmund

Skill      XL: |  1  2  3 |
---------------+----------+-----
Ice Magic      | 5 |  5.4
Dodging        | |  1.5
Stealth        | |  2.1
Spellcasting   | |  2.9

Action                   |  1- 3 |  4- 6 || total
-------------------------+-------+-------++-------
Melee: Unarmed           |    12 |       ||    12
       Dagger            |    11 |    13 ||    24
Throw: Stone             |       |     1 ||     1
 Cast: Freeze            |    38 |    16 ||    54
       Frozen Ramparts   |     2 |     3 ||     5
  Use: Potion            |       |     5 ||     5
Armor: Robe              |    22 |     8 ||    30
Dodge: Dodged            |    43 |     9 ||    52

Table legend: (Time is in decaauts)
 A = Elapsed time spent in this place.
 B = Non-inter-level travel time spent in this place.
 C = Inter-level travel time spent in this place.
 D = Time resting spent in this place.
 E = Time spent auto-exploring this place.
 F = Levels seen in this place.
 G = Mean time per level.
                   A        B        C        D        E       F      G
               +--------+--------+--------+--------+--------+-----+--------+
         Total |   2023 |   1986 |     37 |    243 |   1413 |   2 | 1011.5 |
       Dungeon |   2023 |   1986 |     37 |    243 |   1413 |   2 | 1011.5 |
               +--------+--------+--------+--------+--------+-----+--------+

Top non-repeatable levels by time:
     D:1: 1193 daAuts
     D:2: 829 daAuts
